 Dungeon Crawl Stone Soup version 0.21-a0-529-g8c7b3f5 (webtiles) character file.

1705 slep the Cleaver (level 8, -1/60 HPs)
             Began as a Demonspawn Gladiator on Dec 11, 2017.
             Was an Initiate of Okawaru.
             Slain by a bullfrog (4 damage)
             ... on level 7 of the Dungeon.
             The game lasted 00:23:23 (4575 turns).

slep the Cleaver (Demonspawn Gladiator)             Turns: 4575, Time: 00:23:24

Health: -1/60      AC:  5    Str: 16    XL:     8   Next: 73%
Magic:  8/8        EV: 14    Int:  9    God:    Okawaru [......]
Gold:   236        SH:  6    Dex: 18    Spells: 7/7 levels left

rFire    . . .     SeeInvis .   a - +0 war axe
rCold    + . .     Gourm    .   (no shield)
rNeg     . . .     Faith    .   b - +0 leather armour
rPois    .         Spirit   .   c - +0 helmet
rElec    .         Reflect  .   r - +0 cloak (curse)
rCorr    .         Harm     .   (no gloves)
MR       .....                  (no boots)
Stlth    ++........             (no amulet)
HPRegen  0.20/turn              e - ring of protection from cold
MPRegen  0.11/turn              t - +2 ring of dexterity

@: no status effects
A: claws 1, large bone plates 2, powered by death 1, rot immunity
a: Renounce Religion


You were on level 7 of the Dungeon.
You worshipped Okawaru.
Okawaru was noncommittal.
You were near starving.

You visited 2 branches of the dungeon, and saw 8 of its levels.
You also visited: Ossuary.

You collected 236 gold pieces.

Inventory:

Hand Weapons
 a - a +0 war axe (weapon)
 p - a +0 flail of draining
 B - a +3 scythe of venom
 K - a +2 spear of piercing
Missiles
 d - 4 throwing nets (quivered)
 o - 11 tomahawks
Armour
 b - a +0 leather armour (worn)
 c - a +0 helmet (worn)
 r - a cursed +0 cloak (worn)
Jewellery
 e - a ring of protection from cold (left claw)
 t - a +2 ring of dexterity (right claw)
Wands
 m - a wand of paralysis (7)
 E - a wand of acid (11)
Scrolls
 g - 5 scrolls of identify {unknown}
 i - 2 scrolls of teleportation {unknown}
 j - 2 scrolls of remove curse {unknown}
 l - 6 scrolls of enchant weapon {unknown}
 q - 2 scrolls of fear {unknown}
 s - a scroll of fog {unknown}
 w - 2 scrolls of immolation {unknown}
 y - a scroll of amnesia {unknown}
 F - 2 scrolls of noise {unknown}
 G - 2 scrolls of random uselessness {unknown}
 I - a scroll of enchant armour {unknown}
 J - a scroll of blinking {unknown}
Potions
 h - a potion of heal wounds
 k - 5 potions of haste {unknown}
 n - 5 potions of curing {unknown}
 u - 13 potions of degeneration {unknown}
 v - 2 potions of ambrosia {unknown}
 z - 3 potions of mutation {unknown}
 A - 3 potions of lignification {unknown}
 H - 2 potions of flight {unknown}
Comestibles
 f - 5 bread rations
 x - 2 fruits
 D - 2 meat rations


   Skills:
 + Level 4.2 Fighting
 + Level 8.1 Axes
 + Level 2.2 Throwing
 + Level 3.1 Armour
 + Level 4.5 Dodging
 + Level 2.3 Stealth
 + Level 0.1 Evocations


You had 7 spell levels left.
You didn't know any spells.

Dungeon Overview and Level Annotations

Branches:
Dungeon (7/15)             Temple (1/1) D:7

Altars:
Cheibriados
Dithmenos
Elyvilon
Fedhas
Gozag
Hepliaklqana
Makhleb
Okawaru
Qazlal
Trog
Vehumet
Wu Jian
Xom
Yredelemnul
Zin

Shops:
D:4 *   D:7 :

Annotations:
D:3 Grinder


Innate Abilities, Weirdness & Mutations

You have sharp fingernails.
You are mostly covered in large bone plates. (SH +6)
You regenerate a little health from kills.
You are immune to rotting.


Message History

The orc wizard looks satisfied for a moment.
The bullfrog hits you but does no damage.
You closely miss the bullfrog.
The bullfrog is heavily wounded.
The bullfrog hits you.
* * * LOW HITPOINT WARNING * * *
You slash the bullfrog!
The bullfrog is almost dead.
The bullfrog hits you.
* * * LOW HITPOINT WARNING * * *
The bullfrog misses you.
You hit the bullfrog but do no damage.
The bullfrog is almost dead.
You block the bullfrog's attack. The bullfrog barely misses you.
The orc wizard casts a spell.
The orc wizard seems to speed up.
You barely miss the bullfrog.
The bullfrog is almost dead.
The bullfrog hits you.
You die...

#.......####
....###....## .##
####>.###### ##.......
########
.>######################
..W..oF@.......>........
..######################


You could see a phantom, a bullfrog and an orc wizard.

Vanquished Creatures
  The ghost of slep the Chopper, an amateur DsGl (Ossuary)
  Sigmund (D:4)
  2 orc warriors (D:6)
  An ogre (D:7)
  A bullfrog (D:7)
  A wyvern skeleton (D:7)
  A water moccasin skeleton (D:4)
  A scorpion (D:6)
  A howler monkey (D:4)
  2 crimson imps
  A centaur zombie (Ossuary)
  A human zombie (Ossuary)
  3 hounds
  2 centaur skeletons (D:7)
  An orc wizard (D:6)
  A bullfrog skeleton (D:6)
  2 worker ants (D:4)
  3 iguanas
  6 mummies (Ossuary)
  5 gnolls
  4 adders
  4 river rats (D:6)
  A shadow imp (D:7)
  3 oozes
  A worm (D:2)
  4 dart slugs
  5 leopard geckos
  12 orcs
  6 giant cockroaches
  10 goblins
  14 hobgoblins
  6 jackals
  A quokka (D:6)
  11 bats
  7 frilled lizards
  A gnoll zombie (Ossuary)
  A goblin zombie (Ossuary)
  8 kobolds
  2 kobold zombies (Ossuary)
  2 orc zombies (Ossuary)
  5 rats
  A plant (D:6)
146 creatures vanquished.

Vanquished Creatures (others)
  5 plants (D:6)
5 creatures vanquished.

Grand Total: 151 creatures vanquished

Notes
Turn   | Place    | Note
-------+----------+-------------------------------------------
     0 | D:1      | slep the Demonspawn Gladiator began the quest for the Orb.
     0 | D:1      | Reached XP level 1. HP: 16/16 MP: 1/1
    81 | D:1      | Gained mutation: You are partially covered in large bone plates. (SH +4) [demonic ancestry]
    81 | D:1      | Reached XP level 2. HP: 11/22 MP: 2/2
    92 | D:1      | Reached skill level 3 in Axes
   242 | D:1      | Reached XP level 3. HP: 11/27 MP: 3/3
   547 | D:2      | Found a glowing silver altar of Zin.
  1231 | D:2      | Gained mutation: You are mostly covered in large bone plates. (SH +6) [demonic ancestry]
  1231 | D:2      | Reached XP level 4. HP: 24/34 MP: 4/4
  1508 | D:3      | Reached skill level 4 in Axes
  1627 | D:3      | Noticed Grinder
  1720 | D:3      | Reached skill level 1 in Armour
  2005 | D:3      | Found a bloodstained altar of Trog.
  2070 | D:3      | Gained mutation: You regenerate a little health from kills. [demonic ancestry]
  2070 | D:3      | Reached XP level 5. HP: 31/39 MP: 5/5
  2082 | D:3      | Found an opulent altar of Gozag.
  2156 | D:3      | Noticed an ogre
  2384 | D:4      | Gained mutation: You have sharp fingernails. [demonic ancestry]
  2384 | D:4      | Reached XP level 6. HP: 11/47 MP: 6/6
  2426 | D:4      | Reached skill level 5 in Axes
  2575 | D:4      | Noticed Sigmund
  2587 | D:4      | Killed Sigmund
  2587 | D:4      | Reached skill level 1 in Stealth
  2587 | D:4      | Gained mutation: You are immune to rotting. [demonic ancestry]
  2587 | D:4      | Reached XP level 7. HP: 7/52 MP: 7/7
  2908 | D:4      | Found Leka's General Store.
  3170 | D:5      | Entered Level 5 of the Dungeon
  3261 | D:6      | Found a radiant altar of Vehumet.
  3279 | D:6      | Reached skill level 6 in Axes
  3329 | D:6      | Found a sand-covered staircase.
  3338 | Ossuary  | Entered an ossuary
  3390 | Ossuary  | Noticed slep's ghost (amateur DsGl)
  3431 | Ossuary  | Killed slep's ghost
  3431 | Ossuary  | Reached XP level 8. HP: 18/58 MP: 8/8
  3684 | Ossuary  | Reached skill level 7 in Axes
  4051 | D:6      | Found a snail-covered altar of Cheibriados.
  4340 | D:7      | Found a staircase to the Ecumenical Temple.
  4348 | Temple   | Entered the Ecumenical Temple
  4387 | Temple   | Became a worshipper of Warmaster Okawaru
  4433 | D:7      | Reached skill level 8 in Axes
  4492 | D:7      | Found Yrchuhi's Book Shoppe.
  4573 | D:7      | HP: 3/60 [bullfrog (5)]
  4575 | D:7      | Slain by a bullfrog

Vault maps used:
D:1:      minmay_arrival_open_corners
D:2:      overflow_temple_1_default
D:3:      overflow_temple_1_default, hangedman_decor_opposing,
          trog_hazing_becter, uniq_grinder
D:4:      serial_shops, shop_fountains, kennysheep_boxes, uniq_sigmund
D:5:      first_bread, minmay_misc_feat_pillars, uniq_duvessa
D:6:      wad_woods_stonehenge, overflow_temple_1_default, enter_ossuary_3
D:7:      nicolae_ru_the_path_less_chosen, minmay_temple_entry_junction,
          serial_shops, shop, uniq_crazy_yiuf_cottage
Temple:   kb_temple_of_zot
Ossuary:  ossuary_crypta

Skill      XL: |  1  2  3  4  5  6  7  8 |
---------------+-------------------------+-----
Dodging        | 3 4 |  4.5
Axes           | 3 4 5 6 8 |  8.1
Armour         | 1 2 3 |  3.1
Fighting       | 3 4 |  4.2
Stealth        | 1 2 |  2.3
Throwing       | 2 |  2.2
Evocations     | |  0.1

Action                   |  1- 3 |  4- 6 |  7- 9 || total
-------------------------+-------+-------+-------++-------
Melee: War axe           |   119 |   207 |   209 ||   535
Throw: Tomahawk          |       |       |     8 ||     8
       Throwing net      |       |       |     1 ||     1
Evoke: Wand              |       |     1 |       ||     1
  Use: Potion            |       |       |     5 ||     5
 Stab: Sleeping          |       |     1 |       ||     1
       Paralysed         |       |     5 |       ||     5
       Distracted        |       |       |     1 ||     1
  Eat: Chunk             |     1 |     5 |     5 ||    11
Armor: Leather armour    |    22 |    44 |    23 ||    89
Dodge: Dodged            |    86 |   132 |   106 ||   324
Block: Other             |    23 |    61 |    53 ||   137

Table legend:
 A = Spawn XP
 B = Non-spawn XP
 C = Spawn XP percentage of total XP
 D = Spawn monster count
 E = Non-spawn monster count
 F = Spawn count percentage of total count
 G = Total turns spent on level
                    A         B        C        D         E        F      G
               +---------+---------+-------+---------+---------+-------+---------
         Total |       0 |    2437 |   0.0 |       0 |     145 |   0.0 |  4575
               +---------+---------+-------+---------+---------+-------+---------
           D:1 |       0 |      50 |   0.0 |       0 |      29 |   0.0 |   516
           D:2 |       0 |      61 |   0.0 |       0 |      18 |   0.0 |   930
           D:3 |       0 |     120 |   0.0 |       0 |      37 |   0.0 |   870
           D:4 |       0 |     671 |   0.0 |       0 |      15 |   0.0 |   854
           D:6 |       0 |     610 |   0.0 |       0 |      22 |   0.0 |   639
           D:7 |       0 |     441 |   0.0 |       0 |       9 |   0.0 |   213
       Ossuary |       0 |     484 |   0.0 |       0 |      15 |   0.0 |   458
               +---------+---------+-------+---------+---------+-------+---------
